 Dungeon Crawl Stone Soup version 0.29-a0-392-g297d3b089c (webtiles) character file.

Game seed: 6593199127148044244

86 jimonade the Magician (level 4, -2/32 HPs)
             Began as a Djinni Fire Elementalist on May 8, 2022.
             Slain by Natasha (8 damage)
             ... on level 3 of the Dungeon.
             The game lasted 00:06:32 (3102 turns).

jimonade the Magician (Djinni Fire Elementalist)    Turns: 3102, Time: 00:06:33

Health: -2/32      AC:  3    Str:  9    XL:     4   Next: 78%
Gold:   151        EV: 12    Int: 17    God:
                   SH:  0    Dex: 19

rFire   + + .      SeeInvis .   n - +1 dagger (speed)
rCold   x . .      Faith    .   (no shield)
rNeg    . . .      Spirit   .   i - +0 leather armour
rPois   ∞          Reflect  .   (no helmet)
rElec   .          Harm     .   (no cloak)
rCorr   .          Rampage  .   (no gloves)
Will    .....                   (boots unavailable)
Stlth   ++........              (no amulet)
HPRegen 0.10/turn               l - +6 ring of dexterity
MPRegen 0.00/turn               (no ring)

@: flying, slowed, very slow
A: sickness immunity, fire resistance 2, cold vulnerability 1, float, innate
caster, HP casting, extra vitality 1
a: no special abilities


You were on level 3 of the Dungeon.
You visited 1 branch of the dungeon, and saw 3 of its levels.

You collected 151 gold pieces.

Inventory:

Hand Weapons
 b - a +0 dagger
 g - a +0 short sword
 m - a +0 vorpal spear
 n - a +1 dagger of speed (weapon)
 o - a +0 club
Missiles
 f - 2 datura-tipped darts
 h - 81 stones
 p - 4 javelins
Armour
 a - a +0 robe
 i - a +0 leather armour (worn)
Jewellery
 c - a ring of ice
 l - a +6 ring of dexterity (left hand)
Scrolls
 d - a scroll of amnesia {unknown}
 e - a scroll of torment {unknown}
 j - a scroll of identify {unknown}
 q - a scroll of vulnerability {unknown}
 s - a scroll of teleportation {unknown}
Potions
 k - a potion of curing {unknown}
 r - a potion of might {unknown}


   Skills:
 * Level 1.3 Fighting
 + Level 0.7 Armour
 - Level 2.1 Dodging
 - Level 1.5 Stealth
 + Level 3.7 Spellcasting


You couldn't memorise any spells.
You knew the following spells:

 Your Spells              Type           Power      Damage    Failure   Level
a - Foxfire               Conj/Fire      60%        2x1d7     4%          1
b - Scorch                Fire           30%        2d6       8%          2
c - Conjure Flame         Conj/Fire      15%        6-21      14%         3
d - Inner Flame           Hex/Fire       15%        N/A       14%         3
e - Flame Wave            Conj/Fire      15%        2d6       43%         4
f - Summon Small Mammal   Summ           60%        N/A       4%          1
Your spell library was empty.

Dungeon Overview and Level Annotations

Branches:
Dungeon (3/15)

Altars:

Shops:
D:1 (

Annotations:
D:3 Natasha


Innate Abilities, Weirdness & Mutations

You are immune to sickness and miasma.
You are immune to poison.
Your flesh is very heat resistant. (rF++)
You are vulnerable to cold. (rC-)
You float through the air rather than walking.
You learn spells naturally, not from books.
Your magical power is your life essence.
You have superior vitality. (+4 MHP)


Message History

Your magical contamination has completely faded away.
There is a stone staircase leading up here.
Natasha stares at you and mumbles some strange words.
You resist with some effort.
You fly upwards.
There is a stone staircase leading down here.
You start resting.
HP restored.
You start waiting.
Done waiting.
You fly downwards.
Level annotation: Natasha Natasha casts a spell at you.
You feel yourself slow down.
There is a stone staircase leading up here.
Casting: Scorch (safe; 8% risk of failure)
Confirm with . or Enter, or press ? or * to list all spells.
Flames lash Natasha.
Natasha is heavily wounded.
Natasha's fire resistance burns away.
Natasha growls.
Natasha casts a spell.
Casting: Scorch (safe; 8% risk of failure)
Confirm with . or Enter, or press ? or * to list all spells.
Flames lash the crimson imp.
The crimson imp completely resists.
Natasha stares at you and mumbles some strange words.
The magic dart hits you. The crimson imp barely misses you.
Casting: Scorch (safe; 8% risk of failure)
Confirm with . or Enter, or press ? or * to list all spells.
Flames lash the crimson imp.
The crimson imp completely resists.
Natasha claws you!
The crimson imp blinks!
Natasha claws you.
* * * LOW HITPOINT WARNING * * *
Casting: Scorch (safe; 8% risk of failure)
Confirm with . or Enter, or press ? or * to list all spells.
Flames lash the crimson imp.
The crimson imp completely resists.
* * * LOW HITPOINT WARNING * * *
Natasha is no longer more vulnerable to fire.
Natasha mumbles some strange words.
Natasha claws you but does no damage. Natasha claws you!
You die...

## #.. ....
..(..
......##########
......[h@55.....
...!.###########
#.. #


You could see Natasha, a crimson imp (summoned) and a white imp (summoned).

Vanquished Creatures
  Terence (D:3)
  A dart slug (D:1)
  5 bats
  2 endoplasms
  4 giant cockroaches
  2 goblins (D:1)
  5 hobgoblins (D:1)
  10 jackals
  2 quokkas (D:2)
  4 ball pythons
  2 frilled lizards
  10 kobolds
  2 rats
50 creatures vanquished.

Vanquished Creatures (others)
  128 foxfires
128 creatures vanquished.

Grand Total: 178 creatures vanquished

Notes
Turn   | Place    | Note
-------+----------+-------------------------------------------
     0 | D:1      | jimonade the Djinni Fire Elementalist began the quest for
                  | the Orb.
     0 | D:1      | Reached XP level 1. HP: 15/15 MP: 0/0
   296 | D:1      | Reached XP level 2. HP: 14/22 MP: 0/0
   858 | D:1      | Found Etser's Antique Weapon Emporium.
   935 | D:1      | Reached skill level 3 in Spellcasting
   975 | D:1      | Reached XP level 3. HP: 22/26 MP: 0/0
   975 | D:1      | Learned a level 1 spell: Summon Small Mammal
  2023 | D:2      | Reached skill level 1 in Fighting
  2312 | D:2      | Reached XP level 4. HP: 24/32 MP: 0/0
  2754 | D:2      | Found a faded altar of an unknown god.
  2807 | D:3      | Noticed Terence
  2810 | D:3      | Noticed Natasha
  2813 | D:3      | Killed Terence
  3102 | D:3      | Slain by Natasha

Illustrated notes

Levels and vault maps discovered:
D:1:      wander_arrival_estate, layout_loops_ring, serial_shops, shop
D:2:      layout_rooms, dreamdust_ecumenical_altar_hidden_monk_grotto,
          skrybe_limestone_x
D:3:      layout_rooms, patterned_corridor, uniq_natasha, uniq_terence,
          uniq_crazy_yiuf_cottage

Skill      XL: |  1  2  3 |
---------------+----------+-----
Spellcasting   | 3 |  3.7
Fighting       | 1 |  1.3
Armour         | |  0.7
Dodging        | |  2.1
Stealth        | |  1.5

Action                   |  1- 3 |  4- 6 || total
-------------------------+-------+-------++-------
Melee: Spear             |     6 |       ||     6
       Dagger            |     4 |     5 ||     9
 Cast: Foxfire           |    65 |    15 ||    80
       Scorch            |    15 |     9 ||    24
Armor: Robe              |     1 |       ||     1
       Leather armour    |    12 |     3 ||    15
Dodge: Dodged            |    24 |     7 ||    31

Table legend: (Time is in decaauts)
 A = Elapsed time spent in this place.
 B = Non-inter-level travel time spent in this place.
 C = Inter-level travel time spent in this place.
 D = Time resting spent in this place.
 E = Time spent auto-exploring this place.
 F = Levels seen in this place.
 G = Mean time per level.
                   A        B        C        D        E       F      G
               +--------+--------+--------+--------+--------+-----+--------+
         Total |   3101 |   3027 |     74 |    893 |   1667 |   3 | 1033.7 |
       Dungeon |   3101 |   3027 |     74 |    893 |   1667 |   3 | 1033.7 |
               +--------+--------+--------+--------+--------+-----+--------+

Top non-repeatable levels by time:
     D:1: 2059 daAuts
     D:2: 1024 daAuts
     D:3: 17 daAuts
